 Dungeon Crawl Stone Soup version 0.19-a0-1021-g80cc50c (webtiles) character file.

1676 GordonOverkill the Cleaver (level 9, -4/79 HPs)
             Began as a Hill Orc Wanderer on July 27, 2016.
             Was a Follower of Makhleb.
             Slain by an unseen horror (5 damage)
             ... on level 6 of the Dungeon.
             The game lasted 00:18:25 (6703 turns).

GordonOverkill the Cleaver (Hill Orc Wanderer)      Turns: 6703, Time: 00:18:25

Health: -4/79      AC: 12    Str: 18    XL:     9   Next: 1%
Magic:  9/9        EV:  7    Int: 14    God:    Makhleb [*.....]
Gold:   197        SH:  0    Dex:  8    Spells: 0 memorised, 8 levels left

rFire  . . .     SeeInvis .     y - +3 battleaxe
rCold  . . .     Gourm    .     g - +0 chain mail
rNeg   . . .     Faith    .     (shield currently unavailable)
rPois  .         Spirit   .     (no helmet)
rElec  .         Dismiss  .     (no cloak)
rCorr  .         Reflect  .     m - +1 pair of gloves
SustAt .         Harm     .     (no boots)
MR     .....                    (no amulet)
Stlth  ..........               (no ring)
                                (no ring)

@: not resistant to hostile enchantments, extremely unstealthy
A: no striking features
a: Renounce Religion


You were on level 6 of the Dungeon.
You worshipped Makhleb.
Makhleb was aware of your devotion.
You were hungry.

You visited 2 branches of the dungeon, and saw 7 of its levels.

You collected 197 gold pieces.

Inventory:

Hand Weapons
 c - a +0 short sword
 h - a +1 hand axe
 y - a +3 battleaxe (weapon)
Missiles
 u - 2 throwing nets (quivered)
Armour
 a - a +0 shield
 g - a +0 chain mail (worn)
 m - a +1 pair of gloves (worn)
 p - a +0 plate armour
Jewellery
 j - an uncursed ring of ice
Wands
 n - a wand of disintegration (9/24)
 v - a wand of lightning (9/15)
Scrolls
 r - 3 scrolls of remove curse
Potions
 b - 5 potions of lignification
 d - a potion of flight
 o - a potion of degeneration
 w - a potion of heal wounds {unknown}
 x - a potion of resistance {unknown}
 A - a potion of might {unknown}
Books
 k - a book of the Earth

   Spells                             Type                      Level
   a - Leda's Liquefaction            Hexes/Earth                  4
   b - Bolt of Magma                  Conjuration/Fire/Earth       5
   c - Statue Form                    Transmutation/Earth          6
   d - Iron Shot                      Conjuration/Earth            6
   e - Shatter                        Earth                        9
 t - a book of Maledictions

   Spells                             Type                      Level
   a - Corona                         Hexes                        1
   b - Ensorcelled Hibernation        Hexes/Ice                    2
   c - Confuse                        Hexes                        3
   d - Tukima's Dance                 Hexes                        3
   e - Dazzling Spray                 Conjuration/Hexes            3
Comestibles
 f - 4 bread rations
 i - 3 fruits
 q - 2 meat rations
 s - 2 beef jerkies


   Skills:
 - Level 7.2 Fighting
 - Level 1.0 Short Blades
 + Level 12.0 Axes
 - Level 1.0 Throwing
 + Level 5.9 Armour
 - Level 2.1 Shields


You had 8 spell levels left.
You didn't know any spells.

Dungeon Overview and Level Annotations

Branches:
Dungeon (6/15)             Temple (1/1) D:4

Altars:
Cheibriados
Elyvilon
Fedhas
Gozag
Makhleb
Okawaru
Pakellas
Qazlal
Ru
Sif Muna
Uskayaw
Vehumet
Xom
Yredelemnul
Zin

Annotations:
D:3 Arkorax's ghost, amateur DsGl


Message History

* * * LOW HITPOINT WARNING * * *
Something hits you but does no damage.
Okay, then.
Something hits you.
* * * LOW HITPOINT WARNING * * *
Something hits you.
* * * LOW HITPOINT WARNING * * *
You feel better. Something hits you but does no damage.
Unknown command.
Okay, then.
Something hits you.
* * * LOW HITPOINT WARNING * * *
Something hits you but does no damage. Something hits you but does no damage.
Something hits you.
* * * LOW HITPOINT WARNING * * *
You miss something. Something hits you but does no damage. Something hits you!
* * * LOW HITPOINT WARNING * * *
Something hits you.
You die...

## #.#.####......... .#
#.#...........## .#
#.######..#############
.# #.#.......#
#.....#_#
.####.#.####..#
#.###.#'# ....#.#.#
##..### #.# #...#
.##.#.#.# #.....# #.#
#####
.##.#.#.###.###.###.#
.##.........# #.@...#
.###........###.#####
.###.######.....#
.....# ####### .#####
.# ##


There were no monsters in sight!

Vanquished Creatures
  The ghost of Arkorax the Chopper, an amateur DsGl (D:4)
  Eustachio (D:5)
  Menkaure (D:5)
  An ice beast (D:5)
  A phantom (D:4)
  A centaur (D:6)
  2 scorpions
  5 wights (D:6)
  2 giant frog skeletons
  2 orc priests
  A hound (D:4)
  A centaur skeleton (D:4)
  3 orc wizards
  5 worker ants
  A hound skeleton (D:5)
  2 worker ant zombies
  9 adders
  3 gnolls (D:5)
  A howler monkey skeleton (D:5)
  A shadow imp (D:5)
  An adder zombie (D:5)
  An adder skeleton (D:4)
  2 worms (D:2)
  A dart slug (D:3)
  4 giant geckos
  11 orcs
  3 giant cockroaches
  8 goblins
  8 hobgoblins
  14 jackals
  7 kobolds
  2 quokkas (D:4)
  A ball python (D:1)
  11 bats
  A giant cockroach zombie (D:5)
  A giant gecko zombie (D:5)
  5 giant newts
  5 rats
  A plant (D:1)
131 creatures vanquished.

Notes
Turn   | Place    | Note
-------+----------+-------------------------------------------
     0 | D:1      | GordonOverkill the Hill Orc Wanderer began the quest for the Orb.
     0 | D:1      | GordonOverkill set off with: a +0 shield, a potion of lignification, a +0 short sword, a +0 robe, a bread ration
     0 | D:1      | Reached XP level 1. HP: 26/26 MP: 1/1
   128 | D:1      | Reached XP level 2. HP: 32/34 MP: 2/2
   285 | D:1      | Reached skill level 1 in Axes
   753 | D:1      | Reached skill level 2 in Axes
   901 | D:1      | Reached XP level 3. HP: 39/39 MP: 3/3
  1210 | D:2      | Reached skill level 3 in Axes
  1754 | D:2      | Reached XP level 4. HP: 35/47 MP: 4/4
  1883 | D:2      | Reached skill level 4 in Axes
  2280 | D:3      | Noticed Arkorax's ghost (amateur DsGl)
  2679 | D:3      | Reached skill level 5 in Axes
  2846 | D:3      | Reached XP level 5. HP: 50/52 MP: 5/5
  2906 | D:3      | Found a deep blue altar of Sif Muna.
  3410 | D:4      | Reached skill level 6 in Axes
  3787 | D:4      | Reached skill level 7 in Axes
  3787 | D:4      | Reached XP level 6. HP: 11/60 MP: 6/6
  3981 | D:4      | Noticed Arkorax's ghost (amateur DsGl)
  4020 | D:4      | Noticed a phantom
  4048 | D:4      | Killed a phantom
  4048 | D:4      | Reached skill level 8 in Axes
  4332 | D:4      | Found a staircase to the Ecumenical Temple.
  4364 | Temple   | Entered the Ecumenical Temple
  4458 | Temple   | Became a worshipper of Makhleb the Destroyer
  4581 | D:4      | Killed Arkorax's ghost
  4581 | D:4      | Reached skill level 9 in Axes
  4581 | D:4      | Reached XP level 7. HP: 43/66 MP: 7/7
  4968 | D:4      | Found a blossoming altar of Fedhas.
  5081 | D:5      | Entered Level 5 of the Dungeon
  5122 | D:5      | Reached skill level 10 in Axes
  5204 | D:5      | Found an iron altar of Okawaru.
  5222 | D:5      | Noticed Menkaure
  5235 | D:5      | Killed Menkaure
  5235 | D:5      | Reached XP level 8. HP: 54/73 MP: 8/8
  5437 | D:5      | Noticed Eustachio
  5451 | D:5      | Reached * piety under Makhleb
  5489 | D:5      | Killed Eustachio
  5489 | D:5      | Reached skill level 11 in Axes
  5770 | D:5      | Found an oddly glowing altar of Pakellas.
  6263 | D:6      | Reached skill level 5 in Armour
  6441 | D:6      | Reached skill level 12 in Axes
  6441 | D:6      | Reached XP level 9. HP: 45/79 MP: 9/9
  6624 | D:6      | Found a sacrificial altar of Ru.
  6703 | D:6      | HP: 1/79 [something (7)]
  6703 | D:6      | Slain by an unseen horror

Vault maps used:
D:1:      eino_arrival_tree_alley, serial_forest, infiniplex_forest_end_3,
          infiniplex_forest_clump_diagonal, infiniplex_forest_lined_3,
          infiniplex_forest_clump_cross, infiniplex_forest_straight_3,
          infiniplex_forest_clump_large, minivault_19, nrook_loot_triangle
D:3:      kennysheep_big_flooded_room, marbit_many_paths, minivault_4
D:4:      fedhas_altar_fruit_tree, first_bread
D:5:      okawaru_gym_becter, grunt_pakellas_mercury, uniq_eustachio,
          uniq_menkaure
D:6:      kennysheep_mini, gammafunk_temple_overflow_wave
Temple:   zaba_magenta_temple

Skill      XL: |  1  2  3  4  5  6  7  8 |
---------------+-------------------------+-----
Shields        | 2 |  2.1
Axes           | 2 3 5 7 9 10 12 | 12.0
Armour         | 2 5 |  5.9
Fighting       | |  7.2
Short Blades   | |  1.0
Throwing       | |  1.0

Action                   |  1- 3 |  4- 6 |  7- 9 || total
-------------------------+-------+-------+-------++-------
Melee: Short sword       |    26 |       |       ||    26
       Hand axe          |   257 |   216 |   258 ||   731
       Battleaxe         |       |       |    17 ||    17
  Use: Scroll            |     3 |    12 |       ||    15
       Potion            |       |     3 |     2 ||     5
  Eat: Chunk             |     3 |     9 |     6 ||    18
       Fruit             |       |       |     1 ||     1
Armor: Robe              |    17 |       |       ||    17
       Ring mail         |    57 |   120 |     4 ||   181
       Skin              |       |     6 |     2 ||     8
       Chain mail        |       |       |   163 ||   163
Dodge: Dodged            |   102 |   118 |    65 ||   285
Block: Shield            |    31 |       |       ||    31
